 Dungeon Crawl Stone Soup version 0.18.1-48-g4cf74bf (webtiles) character file.

66 toucherabbit the Conjurer (level 3, -1/26 HPs)
             Began as a Demigod Conjurer on Aug 7, 2016.
             Slain by an orc
             ... wielding a +0 hand axe
              (7 damage)
             ... on level 3 of the Dungeon.
             The game lasted 00:10:04 (1987 turns).

toucherabbit the Conjurer (Demigod Conjurer)        Turns: 1987, Time: 00:10:05

Health: -1/26      AC:  5    Str: 11    XL:     3   Next: 69%
Magic:  8/8        EV:  6    Int: 21    God:
Gold:   133        SH: 10    Dex: 16    Spells: 2 memorised, 3 levels left

rFire  . . .     SeeInvis .     d - +0 hand axe
rCold  . . .     Gourm    .     v - +0 ring mail
rNeg   . . .     Faith    .     j - +0 large shield
rPois  .         Spirit   .     (no helmet)
rElec  .         Dismiss  .     (no cloak)
rCorr  .         Reflect  .     (no gloves)
SustAt +         Harm     .     (no boots)
MR     .....                    (no amulet)
Stlth  +.........               (no ring)
                                (no ring)

@: not resistant to hostile enchantments, very unstealthy
A: high mp 1, sustain attributes
a: no special abilities


You were on level 3 of the Dungeon.
You were hungry.

You visited 1 branch of the dungeon, and saw 3 of its levels.

You collected 133 gold pieces.

Inventory:

Hand Weapons
 a - a +0 mace
 d - a +0 hand axe (weapon)
Missiles
 h - 33 sling bullets
Armour
 j - a +0 large shield (worn)
 p - a +0 robe
 u - a +0 robe
 v - a +0 ring mail (worn)
Scrolls
 k - a scroll of amnesia {unknown}
 n - a scroll of magic mapping {unknown}
 q - 2 scrolls of identify {unknown}
 t - a scroll of immolation {unknown}
Potions
 e - a potion of lignification {unknown}
 f - 2 potions of cancellation {unknown}
 g - a potion of berserk rage {unknown}
 i - 3 potions of curing
 l - a potion of agility {unknown}
 r - a potion of flight {unknown}
 s - a potion of might {unknown}
Books
 b - a book of Conjurations

   Spells                             Type                      Level
   a - Magic Dart                     Conjuration                  1
   b - Searing Ray                    Conjuration                  2
   c - Dazzling Spray                 Conjuration/Hexes            3
   d - Fulminant Prism                Conjuration/Hexes            4
   e - Iskenderun's Mystic Blast      Conjuration                  4
   f - Iskenderun's Battlesphere      Conjuration/Charms           5
Comestibles
 c - a bread ration
 m - 2 meat rations
 o - a slice of pizza


   Skills:
 + Level 0.1 Fighting
 + Level 0.1 Axes
 + Level 2.7 Dodging
 + Level 1.8 Stealth
 + Level 0.5 Shields
 + Level 2.0 Spellcasting
 + Level 4.2 Conjurations


You had 3 spell levels left.
You knew the following spells:

 Your Spells              Type           Power        Failure   Level  Hunger
a - Magic Dart            Conj           ###.         98%         1    #......
b - Searing Ray           Conj           ###...       99%         2    ##.....


Dungeon Overview and Level Annotations

Branches:
Dungeon (3/15)


Innate Abilities, Weirdness & Mutations

You have an increased reservoir of magic (+10% MP).
Your attributes are resistant to harm.


Message History

You kill the bat!
The orc hits you with a hand axe.
* * * LOW HITPOINT WARNING * * *
You hit the orc.
The orc is heavily wounded.
You block the orc's attack.
You hit the orc.
The orc is heavily wounded.
You block the orc's attack.
Your shield and ring mail prevent you from hitting the orc.
The orc is heavily wounded.
The orc hits you but does no damage.
Your magical contamination has completely faded away.
You closely miss the orc.
The orc is heavily wounded.
You block the orc's attack. x2
You barely miss the orc.
The orc is heavily wounded.
The orc hits you with a hand axe!
You die...

#..# .... # # ..##. ##
#+## #. .... .. ....#
#.#####.##.# #..[..
..........##......
..#####.#...####o......
..............@oo......
.#####.#...####.......
#.##.## #....$. #.####
#..... #.# #...# #.#
#+## . #.# #### ##.# #
#.# #.. ..#.# # #.# #.#
###.#.## #


You could see 3 orcs.

Vanquished Creatures
  A worker ant (D:3)
  An adder (D:2)
  3 dart slugs
  2 giant geckos
  A ball python (D:1)
  4 bats
  A giant cockroach (D:1)
  3 goblins (D:1)
  6 kobolds
  7 rats
29 creatures vanquished.

Notes
Turn   | Place    | Note
--------------------------------------------------------------
     0 | D:1      | toucherabbit the Demigod Conjurer began the quest for the Orb.
     0 | D:1      | Reached XP level 1. HP: 14/14 MP: 5/5
    20 | D:1      | Noticed an electric eel
   508 | D:1      | Reached XP level 2. HP: 19/20 MP: 7/7
   595 | D:1      | Reached skill level 4 in Conjurations
  1077 | D:1      | Learned a level 2 spell: Searing Ray
  1439 | D:2      | Reached XP level 3. HP: 8/26 MP: 8/8
  1820 | D:2      | Found an ancient bone altar of Kikubaaqudgha.
  1987 | D:3      | Slain by an orc

Skill      XL: |  1  2  3 |
---------------+----------+-----
Dodging        | 2 |  2.7
Conjurations   | 4 |  4.2
Spellcasting   | 2 |  2.0
Fighting       | |  0.1
Axes           | |  0.1
Stealth        | |  1.8
Shields        | |  0.5

Action                   || total
-------------------------++-------
Melee: Hand axe          ||   111
 Cast: Magic Dart        ||     2
  Use: Potion            ||     2
       Scroll            ||     1
 Stab: Sleeping          ||     2
  Eat: Chunk             ||     3
Armor: Robe              ||    16
       Ring mail         ||    15
Dodge: Dodged            ||    60
Block: Large shield      ||    55
